[Event "Bijnor Open 2023"]
[Site "Bijnor"]
[Date "2023.12.01"]
[Round "4.2"]
[White "Prabindra Mani Verma"]
[Black "Ramnathan, Balasubramaniam"]
[Result "0-1"]
[ECO "B06"]
[WhiteElo "1273"]
[BlackElo "1920"]
[Annotator "NA RC"]
[PlyCount "94"]
[EventDate "2023.11.29"]
[EventCountry "IND"]
[SourceTitle "playchess.com"]
[Source "ChessBase"]
[SourceQuality "1"]
[TimeControl "5400+30"]

1. e4 g6 2. d4 Bg7 3. Nf3 d6 4. Nc3 Bg4 5. Be2 Nc6 6. Be3 Bxf3 7. Bxf3 e5 8. d5 Nce7 9. Qe2 a6 10. O-O f5 11. g3 Nf6 12. Bg5 O-O 13. Qd2 Qd7 14. Bh6 fxe4 15. Bg2 c6 16. dxc6 Qxc6 17. Bxg7 Kxg7 18. Rad1 Rad8 19. Rfe1 d5 20. Qg5 Nf5 21. Bh3 h6 22. Qd2 Nd4 23. Bg2 b5 24. Ne2 Nf3+ 25. Bxf3 exf3 26. Nc3 Qe6 27. Qd3 e4 28. Qxf3 Ng4 29. Qd3 Ne5 30. Qd4 Kh7 31. Qa7+ Rf7 32. Qc5 Qh3 33. f4 Nf3+ 34. Kf2 Qxh2+ 35. Ke3 Nxe1 36. Ne2 Ng2+ 37. Kd2 d4 38. Kc1 Ne3 39. Re1 Qf2 40. Kd2 Nc4+ 41. Kd1 Qe3 42. Qb4 a5 43. Ng1 axb4 44. Rxe3 dxe3+ 45. Kc1 Rfd7 46. c3 Rd1+ 47. Kc2 R8d2+ 0-1

[Event "Bijnor Open 2023"]
[Site "Bijnor"]
[Date "2023.12.01"]
[Round "4.3"]
[White "Verma Ashu"]
[Black "Lalit Jindal"]
[Result "1-0"]
[ECO "C14"]
[WhiteElo "1674"]
[BlackElo "1332"]
[Annotator "NA RC"]
[PlyCount "95"]
[EventDate "2023.11.29"]
[EventCountry "IND"]
[SourceTitle "playchess.com"]
[Source "ChessBase"]
[SourceQuality "1"]
[TimeControl "5400+30"]

1. e4 e6 2. d4 d5 3. Nc3 Nf6 4. Bg5 Be7 5. e5 Nfd7 6. Bxe7 Qxe7 7. Bd3 a6 8. Nce2 c5 9. c3 Nc6 10. a3 O-O 11. f4 f5 12. Nf3 c4 13. Bc2 b5 14. O-O a5 15. Kh1 Kh8 16. Rg1 Rg8 17. g4 g6 18. Qf1 fxg4 19. Rxg4 Nf8 20. Qh3 Ra7 21. Rag1 Qe8 22. Qh6 Rag7 23. Ng3 Qe7 24. Nf1 Nd8 25. Ng5 Bd7 26. Ne3 Be8 27. Rh4 Nf7 28. Nxf7+ Qxf7 29. Ng4 g5 30. fxg5 Rxg5 31. h3 Qf3+ 32. Rg2 Qf1+ 33. Kh2 Qf4+ 34. Kg1 Qc1+ 35. Kh2 Bg6 36. Rf2 Bxc2 37. Rxf8 Qd2+ 38. Kg3 Bg6 39. Rf2 Qc1 40. Kh2 Be4 41. Qf6+ R5g7 42. Rh5 Re8 43. Kg3 Qg1+ 44. Kh4 Bg6 45. Rg5 Qb1 46. Nh6 Qe4+ 47. Rg4 Qe1 48. Rg3 1-0

[Event "Bijnor Open 2023"]
[Site "Bijnor"]
[Date "2023.12.01"]
[Round "4.4"]
[White "Ujjwal Chauhan"]
[Black "Gopal Krishna Maheshwari"]
[Result "0-1"]
[ECO "C50"]
[WhiteElo "1243"]
[BlackElo "1627"]
[Annotator "NA RC"]
[PlyCount "62"]
[EventDate "2023.11.29"]
[EventCountry "IND"]
[SourceTitle "playchess.com"]
[Source "ChessBase"]
[SourceQuality "1"]
[TimeControl "5400+30"]

1. e4 e5 2. Nf3 Nc6 3. Bc4 Bc5 4. d3 Nf6 5. Nc3 d6 6. h3 Be6 7. Bb3 Bb6 8. Be3 d5 9. exd5 Nxd5 10. Nxd5 Bxd5 11. Bxd5 Qxd5 12. Qd2 O-O-O 13. O-O f6 14. Bxb6 axb6 15. Qc3 g5 16. Nd2 Nd4 17. Rfe1 h5 18. Nc4 Kb8 19. a4 g4 20. h4 Rhg8 21. Ne3 Qd7 22. a5 b5 23. a6 b6 24. a7+ Ka8 25. Qa3 f5 26. c3 Nc6 27. c4 g3 28. cxb5 gxf2+ 29. Kxf2 Nd4 30. Rac1 f4 31. Nc2 Rxg2+ 0-1

[Event "Bijnor Open 2023"]
[Site "Bijnor"]
[Date "2023.12.01"]
[Round "4.5"]
[White "Sparsh Yadav"]
[Black "Manish Pal"]
[Result "1-0"]
[ECO "C05"]
[WhiteElo "1598"]
[BlackElo "1321"]
[Annotator "NA RC"]
[PlyCount "53"]
[EventDate "2023.11.29"]
[EventCountry "IND"]
[SourceTitle "playchess.com"]
[Source "ChessBase"]
[SourceQuality "1"]
[TimeControl "5400+30"]

1. e4 e6 2. d4 d5 3. Nd2 Nf6 4. e5 Nfd7 5. f4 c5 6. c3 Nc6 7. Ne2 cxd4 8. Nxd4 Ndxe5 9. fxe5 Nxd4 10. cxd4 Qh4+ 11. g3 Qxd4 12. Bb5+ Kd8 13. Qe2 Bb4 14. Rf1 Rf8 15. a3 Ba5 16. Rb1 a6 17. Bd3 Bd7 18. b4 Bc7 19. Bb2 Qb6 20. Nb3 Rc8 21. Bd4 Qc6 22. Bc5 Ke8 23. Nd4 Qa4 24. Bxf8 Kxf8 25. Qh5 Be8 26. Nxe6+ Ke7 27. Qg5+ 1-0

[Event "Bijnor Open 2023"]
[Site "Bijnor"]
[Date "2023.12.01"]
[Round "4.6"]
[White "Ayush Saxena"]
[Black "Aabhas Kumar Srivastava"]
[Result "1-0"]
[ECO "B13"]
[WhiteElo "1567"]
[BlackElo "1216"]
[Annotator "NA RC"]
[PlyCount "79"]
[EventDate "2023.11.29"]
[EventCountry "IND"]
[SourceTitle "playchess.com"]
[Source "ChessBase"]
[SourceQuality "1"]
[TimeControl "5400+30"]

1. e4 c6 2. d4 d5 3. exd5 cxd5 4. c4 e6 5. Nc3 Nc6 6. Nf3 Bb4 7. Bd2 Nf6 8. Bd3 O-O 9. c5 Ba5 10. O-O Re8 11. Re1 Bc7 12. Bg5 Bd7 13. Ne5 Bxe5 14. dxe5 h6 15. Bh4 g5 16. exf6 Qxf6 17. Bg3 Qg7 18. Nb5 f5 19. Bd6 Rac8 20. Nc7 Rxc7 21. Bxc7 e5 22. Qb3 Bc8 23. Qxd5+ Be6 24. Qd6 Re7 25. Bb5 Nd4 26. Qd8+ Qf8 27. Qxf8+ Kxf8 28. Bd6 Nxb5 29. Bxe7+ Kxe7 30. Rxe5 Kf6 31. Re2 Nd4 32. Rd2 Nc6 33. Rd6 Kf7 34. a3 Ne5 35. Re1 Kf6 36. b4 f4 37. b5 f3 38. c6 bxc6 39. bxc6 Kf5 40. Rxe6 1-0

[Event "Bijnor Open 2023"]
[Site "Bijnor"]
[Date "2023.12.01"]
[Round "4.7"]
[White "Ayaan Trikha"]
[Black "Mohammad Sameed"]
[Result "0-1"]
[ECO "E09"]
[WhiteElo "1212"]
[BlackElo "1468"]
[Annotator "NA RC"]
[PlyCount "144"]
[EventDate "2023.11.29"]
[EventCountry "IND"]
[SourceTitle "playchess.com"]
[Source "ChessBase"]
[SourceQuality "1"]
[TimeControl "5400+30"]

1. d4 d5 2. c4 e6 3. Nf3 Nf6 4. g3 c6 5. Bg2 Be7 6. Qc2 O-O 7. O-O Nbd7 8. Nbd2 Re8 9. e4 dxe4 10. Nxe4 Nxe4 11. Qxe4 Bf6 12. Rd1 h6 13. Bf4 Nb6 14. Rac1 Bd7 15. Ne5 Qe7 16. Ng4 Bg5 17. Bxg5 Qxg5 18. Ne5 Rad8 19. c5 Nc8 20. b4 f6 21. Nc4 Re7 22. h4 Qh5 23. Bf3 Qf7 24. a4 Be8 25. Qe3 a6 26. Rc2 Red7 27. Bg4 Re7 28. Re1 Qg6 29. Bxe6+ Bf7 30. Bxf7+ Kxf7 31. Ne5+ fxe5 32. Qb3+ Qe6 33. Qf3+ Qf6 34. Qb3+ Kf8 35. dxe5 Rxe5 36. Rxe5 Qxe5 37. Qf3+ Qf6 38. Qa3 Rd1+ 39. Kg2 Qf5 40. Rc3 Qd5+ 41. Rf3+ Kg8 42. Qe3 Qd7 43. Qb3+ Rd5 44. Re3 Ne7 45. b5 axb5 46. axb5 Nf5 47. Rd3 Qf7 48. bxc6 Rxd3 49. Qxd3 bxc6 50. Kh3 Qd5 51. Qe2 Qxc5 52. Qe8+ Kh7 53. Qe2 Nd4 54. Qe1 Qd5 55. Qd1 c5 56. Qb1+ Qf5+ 57. Qxf5+ Nxf5 58. Kg4 c4 59. Kxf5 c3 60. f4 c2 61. h5 c1=Q 62. Kg4 Qc8+ 63. Kh4 Qf5 64. g4 Qxf4 65. Kh3 Qf2 66. g5 hxg5 67. Kg4 Qf4+ 68. Kh3 Qf3+ 69. Kh2 g4 70. h6 Qf2+ 71. Kh1 g3 72. hxg7 Qh2# 0-1

[Event "Bijnor Open 2023"]
[Site "Bijnor"]
[Date "2023.12.01"]
[Round "4.8"]
[White "Nikhil Chopra"]
[Black "Amartya Kumar"]
[Result "0-1"]
[ECO "B51"]
[WhiteElo "1197"]
[BlackElo "1375"]
[Annotator "NA RC"]
[PlyCount "46"]
[EventDate "2023.11.29"]
[EventCountry "IND"]
[SourceTitle "playchess.com"]
[Source "ChessBase"]
[SourceQuality "1"]
[TimeControl "5400+30"]

1. e4 c5 2. Nf3 d6 3. c3 Nf6 4. Bb5+ Nbd7 5. d3 a6 6. Ba4 b5 7. Bc2 Bb7 8. O-O Rc8 9. Re1 Ne5 10. Nxe5 dxe5 11. f4 exf4 12. Bxf4 e6 13. a4 b4 14. Nd2 Be7 15. e5 Nd5 16. Qf3 O-O 17. c4 Nxf4 18. Qxf4 Bg5 19. Qf2 f6 20. Nf3 Bxf3 21. gxf3 fxe5 22. Rxe5 Bf6 23. Rxc5 Bd4 0-1

[Event "Bijnor Open 2023"]
[Site "Bijnor"]
[Date "2023.12.01"]
[Round "4.9"]
[White "Ravish Chaudhary"]
[Black "Jitendra, Kumar"]
[Result "0-1"]
[ECO "E62"]
[WhiteElo "1351"]
[BlackElo "1176"]
[Annotator "NA RC"]
[PlyCount "107"]
[EventDate "2023.11.29"]
[EventCountry "IND"]
[SourceTitle "playchess.com"]
[Source "ChessBase"]
[SourceQuality "1"]
[TimeControl "5400+30"]

1. d4 g6 2. c4 Nf6 3. Nf3 Bg7 4. g3 d6 5. Bg2 O-O 6. O-O Na6 7. Nc3 c6 8. a3 Nc7 9. e4 Nd7 10. b4 e5 11. d5 c5 12. Be3 b6 13. Rb1 f5 14. bxc5 Nxc5 15. Bxc5 bxc5 16. h4 f4 17. Nb5 a6 18. Nc3 h6 19. Nd2 g5 20. hxg5 Qxg5 21. Nf3 Qd8 22. Nh4 Kh7 23. Na4 Qg5 24. Nf3 Qg4 25. Nh2 Qg6 26. g4 Rg8 27. f3 Bf6 28. Kf2 Bh4+ 29. Ke2 Qe8 30. Nb6 Rb8 31. Qa4 Qxa4 32. Nxa4 Bb7 33. Rb6 Ne8 34. Rfb1 Rg7 35. Nf1 Bd8 36. Rxa6 Bxa6 37. Rxb8 Bxc4+ 38. Kd1 Rd7 39. Nd2 Bd3 40. Nb2 Ba6 41. g5 Ng7 42. gxh6 Kxh6 43. Bh3 Rb7 44. Rxd8 Rxb2 45. Rxd6+ Kg5 46. Rxa6 Kh4 47. Bf1 Kg5 48. Ra5 Ra2 49. Rxc5 Rxa3 50. d6 Kf6 51. d7 Ke7 52. Bb5 Ra8 53. Rxe5+ Kf6 54. Re8 0-1

[Event "Bijnor Open 2023"]
[Site "Bijnor"]
[Date "2023.12.01"]
[Round "4.10"]
[White "Rahul Suri"]
[Black "Ojas Joshi"]
[Result "1/2-1/2"]
[ECO "B52"]
[WhiteElo "1184"]
[BlackElo "1342"]
[Annotator "NA RC"]
[PlyCount "48"]
[EventDate "2023.11.29"]
[EventCountry "IND"]
[SourceTitle "playchess.com"]
[Source "ChessBase"]
[SourceQuality "1"]
[TimeControl "5400+30"]

1. e4 c5 2. Nf3 d6 3. Bb5+ Bd7 4. Bxd7+ Qxd7 5. c4 Nc6 6. d4 cxd4 7. Nxd4 Nf6 8. Nc3 g6 9. f3 Bg7 10. Be3 Ne5 11. b3 O-O 12. Qd2 Rab8 13. O-O Rfd8 14. Rac1 e6 15. Nde2 b6 16. Rfd1 a6 17. a4 Qb7 18. Bg5 Rd7 19. Ng3 Ne8 20. f4 f6 21. Bh4 Nf7 22. Nge2 Rbd8 23. Qe3 Bh6 24. Qh3 Re7 1/2-1/2

[Event "Bijnor Open 2023"]
[Site "Bijnor"]
[Date "2023.12.02"]
[Round "5.1"]
[White "Kulkarni, Vikramaditya"]
[Black "Sparsh Yadav"]
[Result "1-0"]
[ECO "E90"]
[WhiteElo "2209"]
[BlackElo "1598"]
[Annotator "RC"]
[PlyCount "109"]
[EventDate "2023.11.29"]
[EventCountry "IND"]
[SourceTitle "playchess.com"]
[Source "ChessBase"]
[SourceQuality "1"]
[TimeControl "5400+30"]

1. c4 Nf6 2. Nc3 g6 3. e4 d6 4. d4 Bg7 5. h3 Nbd7 6. Nf3 e5 7. d5 O-O 8. Bd3 Nc5 9. Bc2 a5 10. Bg5 h6 11. Be3 b6 12. g4 h5 13. Nh2 Ba6 14. b3 Rb8 15. Qf3 Ncd7 16. Rg1 b5 17. cxb5 Bxb5 18. Nxb5 Rxb5 19. Bd3 Rb7 20. Rc1 Qa8 21. Rc6 a4 22. Ra6 axb3 23. Rxa8 Rxa8 24. a3 Rxa3 25. g5 Nxd5 26. Bb1 Ra1 27. Kd2 Ra2+ 28. Bxa2 bxa2 29. Ra1 Nb4 30. Qd1 d5 31. Qa4 c6 32. Qa8+ Rb8 33. Qa7 d4 34. Nf1 Rb5 35. Qxd7 Rc5 36. Kd1 dxe3 37. Nxe3 Rc3 38. Kd2 Rb3 39. Qb7 Rb2+ 40. Kc3 Rb1 41. Qa8+ Bf8 42. Rxa2 Nxa2+ 43. Qxa2 Rh1 44. f3 Rxh3 45. Qg2 Rh4 46. Qf2 Rh1 47. Nf1 Be7 48. Qg2 Rh4 49. Ng3 Kh7 50. Ne2 f6 51. Qf2 Rh3 52. Qg2 Rh4 53. Qf2 Rh3 54. Ng1 Rh1 55. Qa7 1-0

[Event "Bijnor Open 2023"]
[Site "Bijnor"]
[Date "2023.12.02"]
[Round "5.2"]
[White "Ramnathan, Balasubramaniam"]
[Black "Ayush Saxena"]
[Result "1-0"]
[ECO "A00"]
[WhiteElo "1920"]
[BlackElo "1567"]
[Annotator "NA RC"]
[PlyCount "31"]
[EventDate "2023.11.29"]
[EventCountry "IND"]
[SourceTitle "playchess.com"]
[Source "ChessBase"]
[SourceQuality "1"]
[TimeControl "5400+30"]

1. e3 Nf6 2. b3 Nc6 3. Bb2 d6 4. d4 d5 5. Nf3 Bf5 6. Bb5 Bd7 7. O-O e6 8. c4 Ne7 9. Bxd7+ Nxd7 10. Nc3 c6 11. e4 dxe4 12. Nxe4 Nf5 13. d5 Qc7 14. dxe6 fxe6 15. Nfg5 Ke7 16. Nxe6 1-0

[Event "Bijnor Open 2023"]
[Site "Bijnor"]
[Date "2023.12.02"]
[Round "5.3"]
[White "Mohammad Sameed"]
[Black "Verma Ashu"]
[Result "1-0"]
[ECO "C10"]
[WhiteElo "1468"]
[BlackElo "1674"]
[Annotator "NA RC"]
[PlyCount "53"]
[EventDate "2023.11.29"]
[EventCountry "IND"]
[SourceTitle "playchess.com"]
[Source "ChessBase"]
[SourceQuality "1"]
[TimeControl "5400+30"]

1. e4 e6 2. d4 d5 3. Nd2 dxe4 4. Nxe4 Nf6 5. Nxf6+ Qxf6 6. Bd3 Bd6 7. Nf3 h6 8. Qe2 Nc6 9. c3 Ne7 10. Ne5 a6 11. Qh5 c5 12. Ng4 Nd5 13. Nxf6+ Nxf6 14. Qh4 Bd7 15. dxc5 Bxc5 16. Be3 Be7 17. O-O-O Bc6 18. f3 O-O 19. Bxh6 gxh6 20. Qxh6 Rfd8 21. h4 Rxd3 22. Rxd3 Ne8 23. Rh3 Bf8 24. Rg3+ Bg7 25. Rd4 f5 26. Qxe6+ Kh8 27. Qxf5 1-0

[Event "Bijnor Open 2023"]
[Site "Bijnor"]
[Date "2023.12.02"]
[Round "5.4"]
[White "Gopal Krishna Maheshwari"]
[Black "Ravish Chaudhary"]
[Result "1-0"]
[ECO "C54"]
[WhiteElo "1627"]
[BlackElo "1351"]
[Annotator "NA RC"]
[PlyCount "59"]
[EventDate "2023.11.29"]
[EventCountry "IND"]
[SourceTitle "playchess.com"]
[Source "ChessBase"]
[SourceQuality "1"]
[TimeControl "5400+30"]

1. e4 e5 2. Nf3 Nc6 3. Bc4 Bc5 4. c3 Nf6 5. d4 exd4 6. b4 Be7 7. e5 Ng4 8. cxd4 Bxb4+ 9. Nbd2 O-O 10. h3 d5 11. Bd3 Nh6 12. Qc2 g6 13. O-O Bf5 14. Nb3 Bxd3 15. Qxd3 Nf5 16. Rb1 a6 17. g4 Nh4 18. Bh6 Re8 19. Nh2 g5 20. Qe3 f6 21. f4 Ng6 22. f5 Nh4 23. Bxg5 fxg5 24. f6 Kf7 25. Qxg5 Ng6 26. Qh5 Rh8 27. Nf3 h6 28. Nh4 Qg8 29. Nxg6 Ke6 30. Qf5+ 1-0

[Event "Bijnor Open 2023"]
[Site "Bijnor"]
[Date "2023.12.02"]
[Round "5.5"]
[White "Amartya Kumar"]
[Black "Vatsal Makol"]
[Result "1/2-1/2"]
[ECO "B22"]
[WhiteElo "1375"]
[BlackElo "1478"]
[Annotator "NA RC"]
[PlyCount "181"]
[EventDate "2023.11.29"]
[EventCountry "IND"]
[SourceTitle "playchess.com"]
[Source "ChessBase"]
[SourceQuality "1"]
[TimeControl "5400+30"]

1. e4 c5 2. d4 cxd4 3. c3 Nf6 4. e5 Nd5 5. Nf3 Nc6 6. cxd4 d6 7. exd6 e6 8. Nc3 Nxc3 9. bxc3 Bxd6 10. Bd3 h6 11. O-O O-O 12. Re1 Qf6 13. Qe2 Rd8 14. Bb2 Bf8 15. c4 Qf4 16. Be4 Qc7 17. d5 Na5 18. Rac1 Rb8 19. Be5 Bd6 20. Bxd6 Qxd6 21. c5 Qf8 22. d6 Bd7 23. Ne5 Rbc8 24. Qf3 Nc6 25. Qg3 Nxe5 26. Qxe5 Bc6 27. a4 Bxe4 28. Qxe4 b6 29. cxb6 Rxc1 30. Rxc1 axb6 31. g3 Qxd6 32. Qc6 Qxc6 33. Rxc6 Rd4 34. Rxb6 Rxa4 35. h4 Ra5 36. Kg2 g5 37. hxg5 hxg5 38. g4 Kg7 39. Kg3 Ra3+ 40. Kg2 Kf6 41. Rb5 Rd3 42. Ra5 Rd5 43. Ra7 Rd4 44. Kg3 Rf4 45. Ra5 Rd4 46. Ra7 Rd6 47. Ra3 Kg6 48. Re3 f5 49. gxf5+ exf5 50. Re8 Rd3+ 51. Kg2 g4 52. Rg8+ Kf6 53. Rf8+ Ke5 54. Re8+ Kf4 55. Rb8 Rd4 56. Rb3 Kg5 57. Rb8 Rd3 58. Rg8+ Kf4 59. Rb8 Rd2 60. Rb4+ Kg5 61. Rb8 Re2 62. Rg8+ Kf4 63. Rb8 Re5 64. Rb4+ Re4 65. Rb8 Rd4 66. Ra8 Ke4 67. Re8+ Kf4 68. Rb8 Rd3 69. Rb4+ Ke5 70. Rb5+ Ke4 71. Rb4+ Ke5 72. Rb5+ Kf6 73. Rb6+ Kg5 74. Rb8 Rd1 75. Rg8+ Kf4 76. Rb8 Rd5 77. Rb4+ Ke5 78. Kg3 Rd3+ 79. Kg2 f4 80. Rb5+ Rd5 81. Rb8 Rd1 82. Re8+ Kf5 83. Rf8+ Ke4 84. Re8+ Kf5 85. Rf8+ Ke4 86. Re8+ Kd3 87. Rd8+ Ke2 88. Re8+ Kd3 89. Rd8+ Ke2 90. Re8+ Kd3 91. Rd8+ 1/2-1/2

[Event "Bijnor Open 2023"]
[Site "Bijnor"]
[Date "2023.12.02"]
[Round "5.6"]
[White "Shaurya Prabhakar"]
[Black "Ojas Joshi"]
[Result "1/2-1/2"]
[ECO "D02"]
[WhiteElo "1578"]
[BlackElo "1342"]
[Annotator "NA RC"]
[PlyCount "40"]
[EventDate "2023.11.29"]
[EventCountry "IND"]
[SourceTitle "playchess.com"]
[Source "ChessBase"]
[SourceQuality "1"]
[TimeControl "5400+30"]

1. Nf3 Nf6 2. g3 d5 3. Bg2 c5 4. d4 cxd4 5. Nxd4 e5 6. Nb3 h6 7. O-O Be7 8. c3 Nc6 9. Qc2 Be6 10. a4 O-O 11. a5 Rc8 12. Qd1 Qc7 13. a6 bxa6 14. Be3 Rfd8 15. Nc5 Bxc5 16. Bxc5 Qb7 17. b4 a5 18. Qa4 Nd7 19. Rc1 Nxc5 20. bxc5 Qe7 1/2-1/2

[Event "Bijnor Open 2023"]
[Site "Bijnor"]
[Date "2023.12.02"]
[Round "5.7"]
[White "Gaurav Sunil Dutt Rana"]
[Black "Darsh Ilwadi"]
[Result "1-0"]
[ECO "A90"]
[WhiteElo "1235"]
[BlackElo "1445"]
[Annotator "NA RC"]
[PlyCount "77"]
[EventDate "2023.11.29"]
[EventCountry "IND"]
[SourceTitle "playchess.com"]
[Source "ChessBase"]
[SourceQuality "1"]
[TimeControl "5400+30"]

1. d4 d5 2. c4 e6 3. Nc3 f5 4. g3 c6 5. Bg2 Nf6 6. Nf3 Bd6 7. cxd5 exd5 8. O-O O-O 9. Bf4 Ne4 10. Qc2 Bxf4 11. gxf4 Qf6 12. e3 Qh6 13. b4 Nd7 14. a4 Rf6 15. b5 Rg6 16. Ne2 Nf8 17. Ne5 Rd6 18. f3 Nf6 19. bxc6 bxc6 20. Ng3 g6 21. Nxc6 Qg7 22. Rfc1 Ba6 23. Qc5 Qd7 24. Ne5 Qe6 25. Bf1 Bb7 26. Qc7 Rb6 27. a5 Rb3 28. a6 Rc8 29. Qa5 Bc6 30. Rab1 Rxe3 31. Kf2 Rxe5 32. fxe5 N6d7 33. Bb5 Nb6 34. Bxc6 Rxc6 35. Rxc6 Qxc6 36. Qc5 Qa4 37. Rxb6 Qa2+ 38. Ne2 axb6 39. Qxb6 1-0

[Event "Bijnor Open 2023"]
[Site "Bijnor"]
[Date "2023.12.02"]
[Round "5.8"]
[White "Zeeshan Ali"]
[Black "Rahul Suri"]
[Result "0-1"]
[ECO "B34"]
[WhiteElo "1347"]
[BlackElo "1184"]
[Annotator "NA RC"]
[PlyCount "126"]
[EventDate "2023.11.29"]
[EventCountry "IND"]
[SourceTitle "playchess.com"]
[Source "ChessBase"]
[SourceQuality "1"]
[TimeControl "5400+30"]

1. e4 c5 2. Nf3 g6 3. d4 cxd4 4. Nxd4 Nf6 5. Nc3 Nc6 6. Be3 Bg7 7. Be2 d5 8. exd5 Nxd5 9. Nxd5 Qxd5 10. Bf3 Qc4 11. Nxc6 bxc6 12. Qd3 Qa4 13. O-O-O O-O 14. Qb3 Qa6 15. Qa3 Qc4 16. Qb3 Qa6 17. Qa3 Qxa3 18. bxa3 Be6 19. Bd4 Bh6+ 20. Be3 Bxe3+ 21. fxe3 Rab8 22. Bxc6 Bxa2 23. Be4 Kg7 24. g3 Rfc8 25. Rd7 f5 26. Bb7 Rxb7 27. Rxb7 Bd5 28. Rxe7+ Kf6 29. e4 Bxe4 30. Rxe4 fxe4 31. Rf1+ Ke6 32. Rf4 Rc4 33. Kd2 Ra4 34. Kc3 Rxa3+ 35. Kb4 Re3 36. c4 Re1 37. Kb5 g5 38. Rf8 e3 39. Re8+ Kd7 40. Re4 e2 41. Kc5 a5 42. Rd4+ Ke6 43. Rd2 Ke5 44. Rb2 Ke4 45. Kb5 Ke3 46. c5 Rc1 47. Rxe2+ Kxe2 48. h4 gxh4 49. gxh4 Kd3 50. c6 Rxc6 51. Kxc6 a4 52. Kd6 a3 53. Ke6 a2 54. Kf7 a1=Q 55. Kg8 h5 56. Kh7 Qf6 57. Kg8 Ke4 58. Kh7 Kf5 59. Kg8 Ke6 60. Kh7 Qxh4 61. Kg6 Qg4+ 62. Kh6 Kf7 63. Kh7 Qg7# 0-1

[Event "Bijnor Open 2023"]
[Site "Bijnor"]
[Date "2023.12.02"]
[Round "5.9"]
[White "Sharma, Hari O.M."]
[Black "Anant Panwar"]
[Result "1-0"]
[ECO "D02"]
[WhiteElo "2045"]
[BlackElo "1245"]
[Annotator "RC"]
[PlyCount "103"]
[EventDate "2023.11.29"]
[EventCountry "IND"]
[SourceTitle "playchess.com"]
[Source "ChessBase"]
[SourceQuality "1"]
[TimeControl "5400+30"]

1. d4 d5 2. Nf3 Nf6 3. g3 e6 4. Bg2 c5 5. O-O Nc6 6. b3 cxd4 7. Nxd4 Bc5 8. Bb2 Bxd4 9. Bxd4 Nxd4 10. Qxd4 O-O 11. c4 dxc4 12. Qxc4 Qb6 13. e4 e5 14. Qc3 Re8 15. Nd2 Bg4 16. Nc4 Rac8 17. Qe1 Qc5 18. Rc1 b5 19. Ne3 Qxc1 20. Qxc1 Rxc1 21. Rxc1 Rc8 22. Re1 Be6 23. f4 exf4 24. gxf4 Kf8 25. Bf3 g6 26. e5 Ne8 27. Rd1 Ke7 28. Kf2 Ng7 29. Be2 b4 30. Rd4 Rb8 31. Bc4 Nf5 32. Nxf5+ Bxf5 33. Rd6 Be6 34. Bxe6 fxe6 35. Ra6 Rb7 36. Kg3 Kf7 37. Kg4 h6 38. h4 h5+ 39. Kg5 Re7 40. f5 exf5 41. Rf6+ Ke8 42. e6 Rh7 43. Kxg6 Rc7 44. Rf7 Rc2 45. Kf6 Rxa2 46. Rh7 Kd8 47. Rh8+ Kc7 48. e7 Re2 49. e8=Q Rxe8 50. Rxe8 f4 51. Re4 f3 52. Rxb4 1-0

[Event "Bijnor Open 2023"]
[Site "Bijnor"]
[Date "2023.12.02"]
[Round "5.10"]
[White "Sharma, Harish"]
[Black "Ujjwal Chauhan"]
[Result "1-0"]
[ECO "B77"]
[WhiteElo "1904"]
[BlackElo "1243"]
[Annotator "NA RC"]
[PlyCount "97"]
[EventDate "2023.11.29"]
[EventCountry "IND"]
[SourceTitle "playchess.com"]
[Source "ChessBase"]
[SourceQuality "1"]
[TimeControl "5400+30"]

1. e4 c5 2. Nf3 d6 3. d4 cxd4 4. Nxd4 Nf6 5. Nc3 g6 6. f3 Bg7 7. Be3 O-O 8. Qd2 Nc6 9. Bc4 Bd7 10. Bb3 Rc8 11. O-O Ne5 12. Rfd1 Nc4 13. Bxc4 Rxc4 14. Nb3 b6 15. Ne2 Rc8 16. c3 Qc7 17. Bh6 Be6 18. Nbd4 Bc4 19. Ng3 e6 20. b3 Ba6 21. c4 Qc5 22. Kh1 Nh5 23. Nxh5 Qxh5 24. Bxg7 Kxg7 25. Nc2 Rfd8 26. Ne3 Qc5 27. Ng4 Qh5 28. Qc3+ e5 29. Qb2 Qg5 30. Qa3 h5 31. Nf2 Qe3 32. Nd3 Bb7 33. Qxa7 Bc6 34. Nb4 Rd7 35. Qa3 Qc5 36. Nc2 Ra8 37. Qb4 Rad8 38. a4 f5 39. exf5 gxf5 40. Qd2 f4 41. Nb4 Bb7 42. Nd5 Kh6 43. g3 Bxd5 44. cxd5 Rf7 45. Rac1 Qa5 46. b4 Qxa4 47. gxf4 exf4 48. Rg1 Qb3 49. Qg2 1-0

[Event "Bijnor Open 2023"]
[Site "Bijnor"]
[Date "2023.12.02"]
[Round "6.1"]
[White "Gopal Krishna Maheshwari"]
[Black "Kulkarni, Vikramaditya"]
[Result "0-1"]
[ECO "B06"]
[WhiteElo "1627"]
[BlackElo "2209"]
[Annotator "ChessBase"]
[PlyCount "94"]
[EventDate "2023.11.29"]
[EventCountry "IND"]
[SourceTitle "playchess.com"]
[Source "ChessBase"]
[SourceQuality "1"]
[TimeControl "5400+30"]

1. e4 g6 2. d4 d6 3. Nf3 a6 4. h3 Nd7 5. Be3 Bg7 6. Nbd2 b6 7. c3 Bb7 8. a4 e6 9. a5 b5 10. Bd3 c5 11. b4 Ne7 12. O-O O-O 13. Ne1 f5 14. f3 Rc8 15. Rc1 c4 16. Bb1 f4 17. Bf2 g5 18. g4 fxg3 19. Bxg3 e5 20. d5 Nf6 21. Kh2 Nh5 22. Rg1 Ng6 23. Nf1 Rc7 24. Ne3 Bc8 25. N1g2 Nhf4 26. Nf5 Nxg2 27. Rxg2 Bxf5 28. exf5 Nf4 29. Bxf4 exf4 30. Qg1 Re7 31. Rxg5 Kh8 32. Be4 Rfe8 33. Rc2 Rf7 34. Rh5 Bf6 35. Rh6 Rg8 36. Rg6 hxg6 37. fxg6 Re7 38. Qg4 Kg7 39. Kg2 Rh8 40. Qxf4 Rh4 41. Qg3 Re5 42. Kf1 Bg5 43. Qg1 Qf6 44. Kg2 Bd2 45. Qf2 Qg5+ 46. Kf1 Be3 47. Qg2 Qf4 0-1

[Event "Bijnor Open 2023"]
[Site "Bijnor"]
[Date "2023.12.02"]
[Round "6.2"]
[White "Mohammad Sameed"]
[Black "Ramnathan, Balasubramaniam"]
[Result "1/2-1/2"]
[ECO "B06"]
[WhiteElo "1468"]
[BlackElo "1920"]
[Annotator "NA"]
[PlyCount "127"]
[EventDate "2023.11.29"]
[EventCountry "IND"]
[SourceTitle "playchess.com"]
[Source "ChessBase"]
[SourceQuality "1"]
[TimeControl "5400+30"]

1. e4 g6 2. d4 Bg7 3. Nc3 d6 4. Nf3 Bg4 5. Be3 Nc6 6. Qd2 Bxf3 7. gxf3 e5 8. d5 Nce7 9. Bb5+ Kf8 10. f4 exf4 11. Bxf4 Nf6 12. O-O-O a6 13. Be2 b5 14. a3 Nd7 15. Bh6 Ng8 16. Be3 Qe7 17. h4 h5 18. Rde1 Bf6 19. Bg5 Kg7 20. f4 Bxc3 21. Qxc3+ f6 22. f5 Nc5 23. Be3 Nxe4 24. Qc6 Nh6 25. Bd3 gxf5 26. Rhf1 Qe8 $2 (26... Qd8 {might work better.} 27. Bxh6+ Rxh6 28. Bxe4 fxe4 29. Rxe4 Rg6) 27. Qxc7+ $18 Qf7 28. Bxh6+ Rxh6 29. Qc6 Qf8 30. Rxf5 Nc5 31. Rf3 Rc8 32. Qb6 Qd8 33. Rg3+ Kf7 34. Reg1 Nxd3+ 35. Kb1 Rh7 36. Qxd8 Rxd8 37. Rxd3 Rg7 38. Rxg7+ Kxg7 39. Re3 Kg6 40. Kc1 Kf5 41. Re6 Kg4 42. Rxf6 Kxh4 43. Rg6 Kh3 44. Kd2 h4 45. b3 Kh2 46. c4 h3 47. Kc3 bxc4 48. bxc4 Kh1 49. c5 dxc5 50. Kc4 a5 51. d6 a4 52. Kxc5 h2 53. Kb5 Rb8+ 54. Kxa4 Rb1 55. d7 Rd1 56. Rg7 Rd3 57. Kb5 Rxa3 58. d8=Q Rb3+ 59. Kc4 Rc3+ 60. Kb5 Rb3+ 61. Kc6 Rc3+ 62. Kb7 Rb3+ 63. Kc8 Rb8+ 64. Kxb8 1/2-1/2

[Event "Bijnor Open 2023"]
[Site "Bijnor"]
[Date "2023.12.02"]
[Round "6.3"]
[White "Rahul Suri"]
[Black "Amartya Kumar"]
[Result "0-1"]
[ECO "B51"]
[WhiteElo "1184"]
[BlackElo "1375"]
[Annotator "NA RC"]
[PlyCount "72"]
[EventDate "2023.11.29"]
[EventCountry "IND"]
[SourceTitle "playchess.com"]
[Source "ChessBase"]
[SourceQuality "1"]
[TimeControl "5400+30"]

1. e4 c5 2. Nf3 d6 3. Bb5+ Nd7 4. d4 cxd4 5. Qxd4 a6 6. Be2 e5 7. Qe3 Ngf6 8. c4 Be7 9. Nc3 b6 10. O-O O-O 11. Rd1 Bb7 12. h3 Qc7 13. b3 Rac8 14. Bb2 Qb8 15. Rac1 Nc5 16. Bd3 Nh5 17. g3 Rc7 18. Bb1 Qc8 19. Kh2 h6 20. Qe2 Ne6 21. Nd5 Bxd5 22. cxd5 Nef4 23. gxf4 Nxf4 24. Qf1 Bg5 25. Rxc7 Qxc7 26. Nxg5 hxg5 27. Bc1 Qe7 28. Bxf4 exf4 29. Qd3 g6 30. Rc1 g4 31. Rc6 Qh4 32. Qf1 Kg7 33. Qg2 Rh8 34. Kg1 gxh3 35. Qh2 Qg4+ 36. Kh1 Qf3+ 0-1